 Dungeon Crawl Stone Soup version 0.31-a0-179-g1846a1fd2d (webtiles) character file.

Game seed: 8517639186358711256

126 qw the Shooter (level 5, -1/49 HPs)
             Began as a Naga Hunter on June 19, 2023.
             Killed from afar by an orc wizard (3 damage)
             ... with a puff of flame
             ... on level 4 of the Dungeon.
             The game lasted 00:00:49 (2481 turns).

qw the Shooter (Naga Hunter)                        Turns: 2481, Time: 00:00:49

Health: -1/49      AC:  5    Str: 13    XL:     5   Next: 9%
Magic:  5/5        EV:  9    Int: 10    God:
Gold:   199        SH:  0    Dex: 16    Spells: 4/4 levels left

rFire   . . .        Y - +2 shortbow
rCold   . . .        (shield currently unavailable)
rNeg    . . .        c - +0 leather armour
rPois   +            f - +0 helmet
rElec   .            (no cloak)
rCorr   .            h - +0 pair of gloves
SInv    +            (no barding)
Will    .....        d - amulet of regeneration
Stlth   ++           (no ring)
HPRegen 1.08/turn    (no ring)
MPRegen 0.09/turn

%: no passive effects
@: short of breath, very slow
A: AC +1, large, see invisible, deformed body, poison resistance, slowness 2,
spit poison 1, naga tail 1
a: Spit Poison


You were on level 4 of the Dungeon.
You visited 1 branch of the dungeon, and saw 4 of its levels.

You collected 199 gold pieces.


Innate Abilities, Weirdness & Mutations

Your serpentine skin is tough. (AC +1)
You have supernaturally acute eyesight. (SInv)
Armour fits poorly on your strangely shaped body.
Your system is resistant to poisons. (rPois)
You cover ground very slowly.
You can spit poison.
You have a snake-like lower body.


   Skills:
 - Level 3.3 Fighting
 + Level 5.0 Ranged Weapons
 - Level 1.5 Dodging
 - Level 1.5 Stealth


You had 4 spell levels left.
You didn't know any spells.
Your spell library was empty.

Inventory:

Hand Weapons
 Y - a +2 shortbow (weapon)
Armour
 c - a +0 leather armour (worn)
 f - a +0 helmet (worn)
 h - a +0 pair of gloves (worn)
Jewellery
 d - an amulet of regeneration (around neck)
 e - a ring of ice
Scrolls
 a - 2 scrolls of identify
Potions
 b - a potion of resistance
 g - 2 potions of lignification {unknown}
 i - a potion of enlightenment
 j - a potion of berserk rage {unknown}

Dungeon Overview and Level Annotations

Branches:
Dungeon (4/15)
 Temple: D:4-7

Altars:
Gozag
Wu Jian


Message History

Beogh smites you!
The orc priest hits you with a +0 flail.
The orc wizard hits you but does no damage.
The orc priest mumbles some strange prayers to Beogh against you.
Pain shoots through your body!
The orc priest looks braver for a moment.
The orc wizard closely misses you. The orc priest barely misses you. x2
The orc wizard hits you but does no damage.
The orc priest barely misses you.
The orc priest hits you with a +0 flail!
The orc wizard hits you with a +0 dagger.
You feel less confused. The orc priest hits you with a +0 whip.
The orc priest looks braver for a moment.
The orc wizard hits you but does no damage.
2479 ||| INVOKING Spit Poison.
Aiming: Spit Poison (1% risk of failure)
Press: ? - help, Shift-Dir - straight line, f/p - orc priest The splash of poison hits the orc priest.
The orc priest is poisoned.
The orc priest is heavily wounded.
The orc priest barely misses you. The orc priest closely misses you.
The orc wizard hits you but does no damage.
You shoot an arrow. The arrow hits the orc priest.
The orc priest is heavily wounded.
The orc priest hits you but does no damage.
The orc priest hits you with a +0 flail.
The orc wizard closely misses you.
You shoot an arrow.
The arrow hits the orc priest but does no damage.
The orc priest is heavily wounded.
The orc priest barely misses you.
The orc priest invokes the aid of Beogh against you.
You struggle to resist.
The orc wizard completely misses you. The orc priest closely misses you.
The orc priest hits you but does no damage.
The orc wizard casts a spell at you. The puff of flame hits you.
You die...

###########.# #.#....#
............# #.#.####
##########################.#.#
# #.............).# #
#####'###########)######
#............. #.......
#.......##..# ########
#......o# # #.....o@# # #
#####)#o# # # ...#.# # #
.....#.# # # .......#.# # #
.......#.# # # .......#.. # #
######.### #### # #...


You could see 2 orc priests and an orc wizard.

Vanquished Creatures
  An orc wizard (D:4)
  Robin (D:3)
  An adder (D:2)
  A shadow imp (D:3)
  An ufetubus (D:4)
  A worm (D:3)
  A dart slug (D:2)
  3 orcs
  4 endoplasms
  2 giant cockroaches
  9 goblins
  9 hobgoblins
  3 jackals (D:1)
  5 quokkas
  2 ball pythons
  2 bats (D:2)
  4 frilled lizards
  3 kobolds
  5 rats
58 creatures vanquished.

Notes
Turn   | Place    | Note
-------+----------+-------------------------------------------
     0 | D:1      | qw the Naga Hunter began the quest for the Orb.
     0 | D:1      | Reached XP level 1. HP: 19/19 MP: 1/1
     0 | D:1      | 0 ||| qw: Version: 0.3-a-7-ge0c9b40
     0 | D:1      | 0 ||| qw: Game counter: 884
     0 | D:1      | 0 ||| qw: Always use a shield: true
     0 | D:1      | 0 ||| qw: God list: Okawaru
     0 | D:1      | 0 ||| qw: Allow faded altars: false
     0 | D:1      | 0 ||| qw: Do Orc after D:15 true
     0 | D:1      | 0 ||| qw: Do second Lair branch before Depths: true
     0 | D:1      | 0 ||| qw: Lair rune preference: random
     0 | D:1      | 0 ||| qw: Plans: Normal
     0 | D:1      | 0 ||| PLANNING D:1-11
    56 | D:1      | 56 ||| INVOKING Spit Poison.
   233 | D:1      | 233 ||| INVOKING Spit Poison.
   293 | D:1      | 293 ||| INVOKING Spit Poison.
   294 | D:1      | Reached skill level 4 in Ranged Weapons
   294 | D:1      | Reached XP level 2. HP: 26/26 MP: 2/2
   308 | D:1      | 308 ||| INVOKING Spit Poison.
   443 | D:1      | 443 ||| INVOKING Spit Poison.
   447 | D:1      | 447 ||| INVOKING Spit Poison.
   451 | D:1      | 451 ||| INVOKING Spit Poison.
   587 | D:1      | 587 ||| UPGRADING to amulet of regeneration.
   592 | D:1      | 592 ||| READING scroll labelled ZIAKLI HADADE.
   593 | D:1      | 593 ||| READING scroll labelled ENKICV SIBRA.
   594 | D:1      | 594 ||| READING scroll labelled YVVIAGR KUGA.
   595 | D:1      | 595 ||| READING scroll labelled GIUXORREHYE.
   596 | D:1      | 596 ||| DROPPING scroll of butterflies.
   648 | D:2      | 648 ||| INVOKING Spit Poison.
   670 | D:2      | 670 ||| INVOKING Spit Poison.
   683 | D:2      | 683 ||| INVOKING Spit Poison.
   688 | D:2      | Reached XP level 3. HP: 32/32 MP: 3/3
   696 | D:2      | 696 ||| READING scroll of enchant weapon.
   696 | D:2      | 696 ||| ENCHANTING +1 shortbow.
   736 | D:2      | 736 ||| INVOKING Spit Poison.
   740 | D:2      | 740 ||| INVOKING Spit Poison.
   763 | D:2      | 763 ||| INVOKING Spit Poison.
   767 | D:2      | Found a faded altar of an unknown god.
   820 | D:2      | 820 ||| INVOKING Spit Poison.
   826 | D:2      | Identified the +2 scale mail of Entitlement {rF+}
   844 | D:2      | 844 ||| INVOKING Spit Poison.
   873 | D:2      | 873 ||| INVOKING Spit Poison.
   891 | D:2      | 891 ||| INVOKING Spit Poison.
   907 | D:2      | 907 ||| INVOKING Spit Poison.
   910 | D:2      | 910 ||| INVOKING Spit Poison.
   951 | D:2      | 951 ||| INVOKING Spit Poison.
   964 | D:2      | 964 ||| UPGRADING to +0 pair of gloves.
   969 | D:2      | 969 ||| READING scroll labelled RUGOTOTUGH.
   970 | D:2      | 970 ||| READING scroll labelled WABLAL ROES.
   971 | D:2      | 971 ||| READING 3 scrolls of identify.
   971 | D:2      | 971 ||| IDENTIFYING glowing purple potion
   985 | D:3      | 985 ||| INVOKING Spit Poison.
  1008 | D:3      | 1008 ||| INVOKING Spit Poison.
  1018 | D:3      | 1018 ||| INVOKING Spit Poison.
  1020 | D:3      | Noticed Robin
  1023 | D:3      | 1023 ||| INVOKING Spit Poison.
  1028 | D:3      | Killed Robin
  1029 | D:3      | Reached skill level 5 in Ranged Weapons
  1029 | D:3      | Reached XP level 4. HP: 32/39 MP: 4/4
  1030 | D:3      | 1030 ||| INVOKING Spit Poison.
  1037 | D:3      | 1037 ||| INVOKING Spit Poison.
  1058 | D:3      | 1058 ||| INVOKING Spit Poison.
  1142 | D:3      | Found an ornate altar of the Wu Jian Council.
  1144 | D:3      | 1144 ||| INVOKING Spit Poison.
  1243 | D:3      | 1243 ||| INVOKING Spit Poison.
  1246 | D:3      | 1246 ||| INVOKING Spit Poison.
  1262 | D:3      | 1262 ||| INVOKING Spit Poison.
  1319 | D:3      | Found an opulent altar of Gozag.
  1734 | D:3      | 1734 ||| UPGRADING to +0 helmet.
  1739 | D:3      | 1739 ||| READING scroll labelled KUGHOLOTSYE.
  1740 | D:3      | 1740 ||| READING 2 scrolls of identify.
  1740 | D:3      | 1740 ||| IDENTIFYING glowing silvery potion
  1889 | D:4      | 1889 ||| INVOKING Spit Poison.
  1946 | D:4      | Identified the +1 falchion of the Whelk {heavy, rPois rF++
                  | Will+ Int-2}
  2039 | D:4      | 2039 ||| INVOKING Spit Poison.
  2279 | D:4      | 2279 ||| INVOKING Spit Poison.
  2424 | D:4      | 2424 ||| INVOKING Spit Poison.
  2462 | D:4      | 2462 ||| INVOKING Spit Poison.
  2463 | D:4      | 2463 ||| Stepping ~*~*~tactically~*~*~ (outnumbered).
  2467 | D:4      | 2467 ||| INVOKING Spit Poison.
  2468 | D:4      | 2468 ||| Stepping ~*~*~tactically~*~*~ (outnumbered).
  2471 | D:4      | Reached skill level 3 in Fighting
  2471 | D:4      | Reached XP level 5. HP: 39/49 MP: 5/5
  2477 | D:4      | HP: 9/49 [orc priest/+0 flail (7)]
  2478 | D:4      | HP: 3/49 [orc priest/+0 whip (5)]
  2479 | D:4      | 2479 ||| INVOKING Spit Poison.
  2480 | D:4      | HP: 1/49 [orc priest/+0 flail (4)]
  2481 | D:4      | Killed from afar by an orc wizard

Levels and vault maps discovered:
D:1:      ebering_hopf_link, layout_basic, chequers_garden, serial_bayou_pond_d
D:2:      layout_rooms, basic_ecumenical_altar
D:3:      layout_loops_ring, nicolae_wu_jian_glorious_leap,
          grunt_gozag_breadcrumbs, uniq_robin
D:4:      layout_basic

Skill      XL: |  1  2  3  4 |
---------------+-------------+-----
Ranged Weapons | 4 5 |  5.0
Fighting       | 3 |  3.3
Dodging        | |  1.5
Stealth        | |  1.5

Action                     |  1- 3 |  4- 6 || total
---------------------------+-------+-------++-------
   Fire: Shortbow          |    51 |    38 ||    89
Ability: Spit Poison       |    24 |    14 ||    38
    Use: Scroll            |     8 |     2 ||    10
 Armour: Leather armour    |     3 |    11 ||    14
  Dodge: Dodged            |     6 |    19 ||    25

Table legend:
 A = Non-vault XP
 B = Vault XP
 C = Vault XP percentage of total XP
 D = Non-vault monster count
 E = Vault monster count
 F = Vault count percentage of total count
                 A         B        C        D         E       F
            +---------+---------+-------+---------+---------+-------
      Total |     151 |      29 |  16.1 |      50 |       8 |  13.8
            +---------+---------+-------+---------+---------+-------
        D:1 |      21 |       0 |   0.0 |      12 |       0 |   0.0
        D:2 |      43 |       0 |   0.0 |      20 |       0 |   0.0
        D:3 |      34 |      29 |  46.0 |      11 |       8 |  42.1
        D:4 |      53 |       0 |   0.0 |       7 |       0 |   0.0
            +---------+---------+-------+---------+---------+-------
